AoeStats
← Chiripa605

Hill Fort

504236797Analyzed
4v4 RM · 28d ago on Sep 4, 2026· 42m 24s· 8 players
Game mode
Random Map
Map size
Large (8 player)
Population
200
Speed
Normal
Resources
Standard
Victory
Conquest
Starting age
Dark Age
Ending age
Imperial Age
RankedLock teamsTeams togetherTeam positionsShared explorationLock speedFull tech treeHidden civsTurbo modeCheats
Victory
Defeat
🇭🇰 Wei · Hong Kong SAR China
1319
+13
🇳🇿 Slavs · New Zealand
1240
+16
🇭🇰 Chinese · Hong Kong SAR China
1239
+16
🇧🇷 Magyars · Brazil
1234
+16
🇩🇪 Georgians · Germany
1268
-16
🇭🇰 Khmer · Hong Kong SAR China
1241
-15
🇺🇸 Aztecs · United States
1236
-15
🇭🇰 Spanish · Hong Kong SAR China
1230
-15
Chiripa605
11:08 Feudal Age
15:13 Castle Age
13:12 Double-Bit Axe
13:40 Horse Collar
15:12 Loom
16:06 Bow Saw
18:55 Sanctity
20:01 Fervor
22:41 Wheelbarrow
22:20 Heavy Plow
24:08 Gold Mining
24:26 Stone Mining
25:42 Hand Cart
25:49 Town Watch
27:55 Gold Shaft Mining
27:48 Redemption
27:52 Squires
30:46 Imperial Age
29:19 Devotion
30:47 Capped Ram
31:49 Conscription
32:40 Block Printing
32:53 Illumination
32:05 Pikeman
32:56 Fletching
35:13 Eagle Warrior
35:57 Scale Mail Armor
36:13 Atonement
36:54 Theocracy
37:33 Chain Mail Armor
38:11 Forging
37:32 Elite Eagle Warrior
38:58 Plate Mail Armor
40:00 Garland Wars
40:24 Iron Casting
39:55 Arson
Idle
7:20 Loom
11:17 Feudal Age
15:27 Castle Age
14:57 Double-Bit Axe
14:55 Horse Collar
17:34 Bow Saw
21:48 Town Watch
22:39 Wheelbarrow
24:16 Heavy Plow
25:28 Gold Mining
25:35 Stone Mining
28:05 Hand Cart
29:47 Scale Mail Armor
29:57 Forging
29:53 Scale Barding Armor
30:21 Town Patrol
33:33 Imperial Age
32:03 Iron Casting
31:47 Chain Mail Armor
31:32 Fletching
32:22 Iron Casting
32:29 Stone Shaft Mining
31:49 Treadmill Crane
32:58 Ballistics
34:54 Conscription
34:44 Aznauri Cavalry
34:46 Svan Towers
35:16 Crop Rotation
35:19 Bodkin Arrow
36:26 Chemistry
35:18 Guard Tower
35:13 Arrowslits
35:14 Heavy Scorpion
35:16 Capped Ram
36:48 Siege Engineers
36:38 Guard Tower
36:34 Arrowslits
37:02 Masonry
36:48 Murder Holes
37:41 Bracer
38:41 Blast Furnace
38:16 Architecture
38:14 Chain Mail Armor
38:38 Hoardings
39:23 Keep
39:07 Guilds
38:59 Caravan
39:25 Chain Barding Armor
40:15 Husbandry
39:42 Pikeman
40:23 Squires
40:08 Arson
40:49 Light Cavalry
41:40 Bloodlines
NevErXsTop
8:58 Feudal Age
9:41 Double-Bit Axe
10:16 Horse Collar
15:33 Loom
15:40 Gold Mining
19:20 Castle Age
24:31 Imperial Age
26:28 Bow Saw
26:19 Heavy Plow
27:42 Wheelbarrow
30:23 Town Watch
36:09 Hand Cart
36:17 Light Cavalry
37:08 Bloodlines
37:42 Husbandry
37:50 Scale Barding Armor
37:56 Forging
37:08 Hussar
38:23 Pikeman
北九州最強ACE
9:22 Loom
11:23 Feudal Age
15:52 Castle Age
14:49 Horse Collar
14:56 Double-Bit Axe
17:50 Gold Mining
18:56 Bow Saw
24:30 Imperial Age
23:43 Heavy Plow
24:31 Ballistics
26:17 Chemistry
29:24 Two-Man Saw
30:12 Wheelbarrow
30:48 Careening
31:46 Supremacy
32:37 Stone Mining
33:08 Town Watch
33:54 Conscription
35:39 Supremacy
36:09 Hand Cart
35:29 Elite Cannon Galleon
Bile
11:08 Feudal Age
12:46 Horse Collar
12:52 Double-Bit Axe
13:17 Loom
15:52 Castle Age
16:56 Town Watch
19:12 Fletching
24:08 Heavy Plow
24:44 Bow Saw
26:06 Wheelbarrow
28:09 Hand Cart
31:22 Imperial Age
28:54 Gold Mining
29:19 Stone Mining
31:26 Treadmill Crane
31:48 Town Patrol
31:52 Bodkin Arrow
31:57 Padded Archer Armor
32:29 Conscription
32:17 Recurve Bow
32:54 Parthian Tactics
32:54 Heavy Cavalry Archer
33:41 Thumb Ring
35:42 Chemistry
35:44 Ballistics
36:21 Bracer
36:36 Leather Archer Armor
37:32 Hoardings
37:44 Heated Shot
38:00 Siege Engineers
38:58 Ring Archer Armor
38:06 Elite Magyar Huszar
38:54 Scale Barding Armor
41:14 Chain Barding Armor
42:34 Plate Barding Armor
GG
11:13 Feudal Age
12:56 Double-Bit Axe
12:56 Horse Collar
15:20 Castle Age
16:43 Bow Saw
16:53 Loom
25:39 Wheelbarrow
27:23 Hand Cart
27:07 Gold Mining
28:01 Stone Mining
28:49 Gold Shaft Mining
29:12 Scale Barding Armor
29:17 Forging
29:18 Bloodlines
29:08 Husbandry
29:29 Town Watch
31:07 Stone Shaft Mining
31:41 Chain Barding Armor
31:57 Iron Casting
36:13 Imperial Age
34:43 Tuntian
36:26 Town Patrol
36:25 Elite Tiger Cavalry
37:31 Ming Guang Armor
37:32 Conscription
38:30 Blast Furnace
39:15 Chemistry
40:17 Hoardings
41:26 Masonry
JayJayNico
10:43 Feudal Age
15:09 Castle Age
13:50 Double-Bit Axe
14:17 Horse Collar
17:09 Bow Saw
19:22 Loom
20:50 Scale Barding Armor
23:43 Wheelbarrow
26:51 Forging
27:44 Husbandry
33:38 Imperial Age
31:28 Detinets
31:53 Devotion
32:40 Gold Mining
32:40 Stone Mining
33:50 Iron Casting
33:35 Chain Barding Armor
34:04 Hand Cart
33:34 Town Watch
34:44 Conscription
34:37 Bloodlines
34:46 Elite Boyar
35:04 Light Cavalry
37:42 Blast Furnace
37:19 Plate Barding Armor
36:57 Masonry
38:42 Two-Man Saw
37:16 Capped Ram
39:24 Ballistics
41:24 Siege Engineers
41:32 Fletching
43:43 Chemistry
42:39 Bodkin Arrow
cheung1993
0:26 Loom
11:25 Feudal Age
11:54 Double-Bit Axe
14:03 Horse Collar
19:38 Castle Age
18:06 Stone Mining
18:37 Fletching
20:19 Bodkin Arrow
20:35 Bow Saw
20:59 Heavy Plow
23:04 Wheelbarrow
23:20 Padded Archer Armor
23:35 Gold Mining
25:10 Town Watch
27:17 Ballistics
28:46 Leather Archer Armor
34:59 Imperial Age
33:27 Masonry
33:28 Fortified Wall
35:35 Hand Cart
35:53 Bloodlines
35:43 Husbandry
36:14 Conscription
36:22 Bracer
36:29 Scale Barding Armor
37:25 Chemistry
37:05 Ring Archer Armor
36:56 Light Cavalry
38:47 Chain Barding Armor
38:38 Forging
39:38 Architecture
40:15 Iron Casting
40:52 Plate Barding Armor
Connection lost

Rejoining the realm…

Still unreachable

The connection could not be restored.

Session expired

The server has moved on; the page needs a fresh start.